Map: Kairos Junction LE

Players

RunaMoK (Losira)

  • Race: Terran Terran
  • League: Grandmaster
  • Spawn Location: 11:00

A.I. 2 (Medium) - Winner!

  • Race: Protoss Protoss
  • Spawn Location: 5:00

VOD

Have the link to the VOD?

Description

Time

  • Played on: March 9, 2019, 5:01 p.m.
  • Length: 8:30
Show
View Real Time Build Order
Export as new Build Order

RunaMoK Terran 

Build Orders: Gas First Reaper Expand, Banshee Rush 

Get SALT Encoding   

  12  0:01  SCV  
  13  0:14  SCV  
  14  0:17  Supply Depot  
  14  0:26  SCV  
  14  0:27  Refinery  
  15  0:39  SCV  
  16  0:45  Barracks  
  16  0:51  SCV  
  17  1:03  SCV  
  18  1:15  SCV  
  19  1:32  Orbital Command, Reaper  
  20  1:43  Command Center  
  20  1:58  SCV  
  20  2:00  Factory  
  21  2:05  Barracks Reactor  
  21  2:09  Refinery  
  21  2:10  SCV  
  21  2:14  Supply Depot  
  22  2:23  SCV  
  23  2:36  SCV  
  24  2:42  Marine x2  
  26  2:45  Starport  
  26  2:48  Factory Tech Lab  
  26  2:49  SCV  
  27  2:58  Orbital Command  
  27  3:00  Marine x2  
  27  3:01  SCV  
  29  3:13  SCV  
  29  3:18  Widow Mine, Marine x2  
  34  3:29  Cloaking Field  
  34  3:30  Banshee  
  34  3:32  SCV x2  
  39  3:41  Marine x2  
  39  3:44  SCV x2  
  39  3:45  Widow Mine  
  45  3:50  Supply Depot  
  45  3:53  Bunker  
  45  3:56  SCV  
  46  4:04  Supply Depot  
  46  4:10  Factory Tech Lab  
  46  4:12  SCV x2, Marine x2  
  46  4:13  Banshee  
  53  4:23  Barracks  
  53  4:24  SCV  
  53  4:25  Barracks  
  53  4:27  SCV  
  55  4:34  Supply Depot  
  55  4:35  Siege Tank  
  55  4:38  SCV  
  59  4:40  Marine  
  59  4:41  Marine  
  59  4:43  SCV  
  62  4:49  Engineering Bay  
  62  4:51  Refinery  
  62  4:56  SCV  
  63  5:02  SCV, Supply Depot  
  63  5:06  Marine x2  
  66  5:08  SCV  
  66  5:10  Starport Reactor  
  67  5:16  Terran Infantry Weapons Level 1  
  67  5:17  Factory Reactor  
  67  5:20  Stimpack  
  67  5:22  Marine x2  
  67  5:24  Marine  
  67  5:26  Combat Shield  
  70  5:36  SCV x2  
  70  5:39  Supply Depot  
  70  5:40  Supply Depot, Marauder  
  74  5:45  Marauder, Marine x2  
  78  5:51  Refinery, Supply Depot  
  78  6:01  SCV x2  
  78  6:02  Barracks x2  
  80  6:08  Supply Depot  
  80  6:13  SCV x2  
  80  6:15  Medivac x2  
  86  6:22  Marauder x2, Marine x2  
  86  6:25  SCV  
  93  6:29  Widow Mine x2  
  97  6:35  Supply Depot  
  97  6:40  Marine  
  97  6:42  Command Center  
  97  6:45  Concussive Shells  
  97  6:46  Marauder x2  
  102  6:50  Barracks Reactor, Barracks Tech Lab  
  102  6:51  Widow Mine  
  102  6:52  Widow Mine  
  106  6:57  Supply Depot  
  106  6:59  Supply Depot  
  106  7:00  Medivac  
  106  7:01  Medivac  
  108  7:13  Marauder x2, Marine x2  
  108  7:14  Widow Mine x2  
  118  7:21  Marauder  
  120  7:25  Supply Depot  
  120  7:27  Supply Depot  
  120  7:28  SCV x2  
  122  7:30  Marine x2  
  122  7:35  Medivac  
  122  7:36  Medivac  
  128  7:43  SCV x2  
  130  7:45  Widow Mine x2  
  134  8:00  Marauder x3, Marine x4  
  142  8:19  Supply Depot  
  149  8:21  Supply Depot  
Show
View Real Time Build Order
Export as new Build Order

A.I. 2 (Medium) Protoss - Winner!

Build Orders:  

Get SALT Encoding   

  12  0:00  Probe  
  13  0:13  Probe  
  14  0:20  Pylon  
  14  0:25  Probe  
  15  0:34  Probe  
  15  0:42  Probe  
  16  0:48  Assimilator  
  17  0:50  Gateway  
  17  0:51  Probe  
  18  1:01  Pylon  
  18  1:27  Gateway  
  18  1:32  Assimilator  
  18  1:38  Zealot  
  20  1:42  Cybernetics Core  
  20  1:56  Zealot  
  20  2:07  Pylon  
  22  2:08  Warp Gate  
  22  2:20  Stalker  
  24  2:39  Stalker  
  26  2:58  Stalker  
  26  2:59  Pylon  
  26  3:02  Probe  
  29  3:14  Probe  
  29  3:18  Adept  
  32  3:25  Forge  
  32  3:26  Probe  
  33  3:37  Stalker  
  33  3:38  Probe  
  36  3:50  Probe  
  37  3:56  Stalker  
  37  4:01  Probe  
  39  4:09  Probe  
  40  5:25  Probe  
  39  5:33  Probe  
  40  6:31  Sentry  
  40  6:32  Probe  
  43  6:33  Photon Cannon  
  43  6:35  Photon Cannon  
  43  6:40  Nexus, Pylon  
  43  6:43  Robotics Facility  
  43  6:45  Sentry, Stargate  
  45  6:49  Twilight Council  
  45  6:54  Gateway  
  45  6:57  Forge  
  45  7:00  Pylon, Sentry  
  41  7:14  Adept  
  33  7:28  Stalker  
  35  7:31  Observer  
  36  7:43  Stalker  
  38  7:52  Observer  
  38  7:53  Probe  
  31  8:07  Adept  
Tags
 
Add a new tag
Caveats
  • Supply blocks, unpowered buildings, or Contaminate may cause inaccurate times.
  • Supply counts are checked every 10 seconds.